 Dungeon Crawl Stone Soup version 0.28-a0-1152-g9c71ebef14 (webtiles) character file.

Game seed: 7955965246507765791

83 spaghetti the Skirmisher (level 4, 0/39 HPs)
             Began as a Mummy Delver on Dec 14, 2021.
             Slain by a scorpion (5 damage)
             ... in the Ecumenical Temple.
             The game lasted 00:00:45 (322 turns).

spaghetti the Skirmisher (Mummy Delver)              Turns: 322, Time: 00:00:46

Health: 0/39       AC:  3    Str: 17    XL:     4   Next: 22%
Magic:  4/4        EV: 11    Int:  9    God:
Gold:   10         SH:  0    Dex: 13    Spells: 3/3 levels left

rFire   x . .      SeeInvis .   a - +0 falchion {long}
rCold   + . .      Faith    .   (no shield)
rNeg    + + +      Spirit   .   b - +0 leather armour
rPois   ∞          Reflect  .   (no helmet)
rElec   .          Harm     .   (no cloak)
rCorr   .          Rampage  .   (no gloves)
Will    .....                   (no boots)
Stlth   ++........              (no amulet)
HPRegen 0.13/turn               (no ring)
MPRegen 0.09/turn               (no ring)

@: no status effects
A: cold resistance 1, negative energy resistance 3, torment resistance 2, heat
vulnerability 1, no potions
a: no special abilities


You were in the Ecumenical Temple.
You visited 2 branches of the dungeon, and saw 3 of its levels.

You collected 10 gold pieces.


Innate Abilities, Weirdness & Mutations

You are immune to poison.
Your flesh is cold resistant. (rC+)
You are immune to negative energy. (rN+++)
You are immune to unholy pain and torment.
You are vulnerable to heat. (rF-)
You do not drink.


   Skills:
 + Level 5.1 Fighting
 - Level 1.5 Long Blades
 - Level 1.5 Dodging
 - Level 4.1 Stealth


You had 3 spell levels left.
You didn't know any spells.
Your spell library was empty.

Inventory:

Hand Weapons
 a - a +0 falchion (weapon) {long}
Armour
 b - a +0 leather armour (worn)
Wands
 f - a wand of digging (3)
Scrolls
 c - a scroll of fog
 d - a scroll of magic mapping {!r}

Dungeon Overview and Level Annotations

Branches:
Dungeon (6/15)             Temple (1/1) D:6

Altars:

...#.. ....
...#. . #....
.... .. #.....
... .## ......
.. ....
......###.
.....
....#...#......
#...@.# #..s..#
#.....#
...#...#...
.... .###......
... .. ......
.. ... ...... .
... ...### ....
.#.


You could see a scorpion.


Message History

* * * LOW HITPOINT WARNING * * *
Your hound bites the iguana. 😨 HP[-12]
You take 12 damage, and now have 19/39 hp.
MASSIVE DAMAGE!! (PAUSE) Unknown command.
You slash the iguana!
Your hound bites the iguana.
The iguana bites you!
* * * LOW HITPOINT WARNING * * *
Your hound barely misses the iguana. 😱 HP[-13]
You take 13 damage, and now have 6/39 hp.
MASSIVE DAMAGE!! (PAUSE)
Your hound barely misses the iguana.
The iguana bites your hound. What are your orders? t - Shout!
Orders for allies: a - Attack new target. p - Attack previous target. r - Retreat! s - Stop attacking. g - Guard the area. f - Follow me.
Anything else - Cancel.
Gang up on whom?
Press: ? - help, Dir - move target, f/p - iguana
Aim: an iguana (severely wounded, ally target) Attack!
Your hound barely misses the iguana.
The iguana closely misses your hound.
Your hound barely misses the iguana.
Your hound bites the iguana but does no damage.
The iguana bites your hound!
Your hound dies!
Your hound's corpse dissolves into shadows!
The iguana hisses angrily. 😱 HP[+1]
Okay, then.
You can't drink.
There is a stone staircase leading down here.
You climb downwards.
There is a stone staircase leading up here.
Unknown command.
Unknown command.
Unknown command.
You start resting. 😎 HP[+32]
Your hp is fully restored (39).
You climb upwards.
The iguana bites you.
There is a stone staircase leading down here. 😕 HP[-6]
You take 6 damage, and now have 33/39 hp.
You hit the iguana. The iguana bites you! 😮 HP[-11]
You take 11 damage, and now have 22/39 hp.
MASSIVE DAMAGE!! (PAUSE)
You hit the iguana but do no damage.
The iguana bites you but does no damage.
You barely miss the iguana. The iguana closely misses you.
The iguana bites you!
* * * LOW HITPOINT WARNING * * *
😨 HP[-11]
You take 11 damage, and now have 11/39 hp.
MASSIVE DAMAGE!! (PAUSE) Unknown command.
As you read the scroll of fear, it crumbles to dust.
You assume a fearsome visage.
The iguana looks frightened! 😨 HP[+1]
An ufetubus comes into view.
There is a stone staircase leading down here.
The ufetubus shouts!
You climb downwards.
Found a staircase to the Ecumenical Temple.
There is a stone staircase leading up here.
Unknown command.
Okay, then.
You enter the shallow water.
Moving in this stuff is going to be slow.
The black bear growls angrily.
An iguana comes into view.
The iguana hisses angrily. 😨 HP[+1]
The scorpion splashes around in the water.
There is a staircase to the Ecumenical Temple here.
The scorpion stings you!
* * * LOW HITPOINT WARNING * * *
You climb downwards.
Welcome to the Ecumenical Temple!
There is a staircase back to the Dungeon here. 😱 HP[-8]
You take 8 damage, and now have 5/39 hp.
MASSIVE DAMAGE!! (PAUSE) Unknown command.
You can't drink.
As you read the scroll of summoning, it crumbles to dust.
Wisps of shadow whirl around you...
The shadows disperse without effect.
The scorpion barely misses you.
Unknown command.
Okay, then.
You can't drink.
The scorpion stings you.
* * * LOW HITPOINT WARNING * * *
😱 HP[-1]
You take 1 damage, and now have 4/39 hp.
You hit the scorpion. The scorpion misses you.
You can't drink.
You hit the scorpion. The scorpion closely misses you. The scorpion stings you.
You die...

Skill      XL: |  1 |
---------------+----+-----
Fighting       | 5 |  5.1
Long Blades    | |  1.5
Dodging        | |  1.5
Stealth        | |  4.1

Action                   |  1- 3 |  4- 6 || total
-------------------------+-------+-------++-------
Melee: Falchion          |       |     7 ||     7
  Use: Scroll            |     1 |     2 ||     3
Armor: Leather armour    |       |     1 ||     1
Dodge: Dodged            |     2 |     4 ||     6

Levels and vault maps discovered:
D:5:      layout_rooms, serial_shops, nicolae_shop_trees,
          kennysheep_big_empty_room
D:6:      layout_basic, minmay_temple_entry_mist
Temple:   mainiacjoe_temple_circle_huts

Notes
Turn   | Place    | Note
-------+----------+-------------------------------------------
     0 | D:5      | spaghetti the Mummy Delver began the quest for the Orb.
     0 | D:5      | Reached XP level 1. HP: 18/18 MP: 1/1
     0 | D:5      | magus.rc [v1.9.6]
     4 | D:5      | Noticed a necrophage
    11 | D:5      | Killed a necrophage
    12 | D:5      | Reached skill level 5 in Fighting
    12 | D:5      | Reached XP level 2. HP: 25/27 MP: 2/2
    12 | D:5      | Reached XP level 3. HP: 30/33 MP: 3/3
    12 | D:5      | Reached XP level 4. HP: 36/39 MP: 4/4
    52 | D:5      | HP: 6/39 [iguana (13)]
   312 | D:6      | Noticed a black bear
   312 | D:6      | Noticed a scorpion
   312 | D:6      | Found a staircase to the Ecumenical Temple.
   317 | D:6      | HP: 5/39 [scorpion (8)]
   318 | Temple   | Entered the Ecumenical Temple
   322 | Temple   | Slain by a scorpion

Vanquished Creatures (collateral kills)
  A necrophage (D:5)
1 creature vanquished.

Table legend:
 A = Non-vault XP
 B = Vault XP
 C = Vault XP percentage of total XP
 D = Non-vault monster count
 E = Vault monster count
 F = Vault count percentage of total count
                 A         B        C        D         E       F
            +---------+---------+-------+---------+---------+-------
      Total |     119 |       0 |   0.0 |       1 |       0 |   0.0
            +---------+---------+-------+---------+---------+-------
        D:5 |     119 |       0 |   0.0 |       1 |       0 |   0.0
            +---------+---------+-------+---------+---------+-------

Illustrated notes

Table legend:
 A = Kills in this place as a percentage of kills in entire the game.
 B = Kills by you in this place as a percentage of kills by you in the entire game.
 C = Kills by friends in this place as a percentage of kills by friends in the entire game.
 D = Other kills in this place as a percentage of other kills in the entire game.
 E = Experience gained in this place as a percentage of experience gained in the entire game.
 F = Experience gained in this place divided by the number of levels of this place that you have seen.
                   A       B       C       D       E      F
               +-------+-------+-------+-------+-------+----------------------
         Total | 100.0 |   N/A | 100.0 |   N/A | 100.0 |  39.7
       Dungeon | 100.0 |   N/A | 100.0 |   N/A | 100.0 |  59.5
               +-------+-------+-------+-------+-------+----------------------

Table legend: (Time is in decaauts)
 A = Elapsed time spent in this place.
 B = Non-inter-level travel time spent in this place.
 C = Inter-level travel time spent in this place.
 D = Time resting spent in this place.
 E = Time spent auto-exploring this place.
 F = Levels seen in this place.
 G = Mean time per level.
                   A        B        C        D        E       F      G
               +--------+--------+--------+--------+--------+-----+--------+
         Total |    325 |    325 |      0 |    242 |     38 |   3 |  108.3 |
       Dungeon |    321 |    321 |      0 |    242 |     38 |   2 |  160.5 |
        Temple |      4 |      4 |      0 |      0 |      0 |   1 |    4.0 |
               +--------+--------+--------+--------+--------+-----+--------+

Top non-repeatable levels by time:
     D:6: 252 daAuts
     D:5: 69 daAuts
  Temple: 4 daAuts
